 Dungeon Crawl Stone Soup version 0.27.1-3-gb3d3a73c9e (webtiles) character file.

Game seed: 10161362787886736188

1641 Atelerd the Digger (level 8, -6/48 (49) HPs)
             Began as an Octopode Earth Elementalist on Oct 10, 2021.
             Was an Initiate of Sif Muna.
             Mangled by a two-headed ogre (23 damage)
             ... on level 7 of the Dungeon.
             The game lasted 00:10:43 (7501 turns).

Atelerd the Digger (Octopode Earth Elementalist)    Turns: 7501, Time: 00:10:44

HP:   -6/48 (49)    AC:  1    Str:  8    XL:     8   Next: 99%
MP:   1/14          EV: 13    Int: 19    God:    Sif Muna [......]
Gold: 124           SH:  0    Dex: 12    Spells: 7/15 levels left

rFire    . . .     SeeInvis .   a - +0 dagger
rCold    . . .     Faith    .   (no shield)
rNeg     + . .     Spirit   .   (helmet restricted)
rPois    .         Reflect  .   j - amulet of Wihogul {rN+ Regen+}
rElec    .         Harm     .   z - ring of willpower
rCorr    .         Rampage  .   (no ring)
Will     +....                  (no ring)
Stlth    ++++......             (no ring)
HPRegen  1.16/turn              (no ring)
MPRegen  0.14/turn              (no ring)
                                (no ring)
                                (no ring)

@: lightly drained
A: almost no armour, amphibious, 8 rings, camouflage 1, gelatinous body 1,
(nimble swimmer 1), tentacles
a: Renounce Religion


You were on level 7 of the Dungeon.
You worshipped Sif Muna.
Sif Muna was noncommittal.
You visited 2 branches of the dungeon, and saw 8 of its levels.

You collected 425 gold pieces.
You spent 301 gold pieces at shops.

Inventory:

Hand Weapons
 a - a +0 dagger (weapon)
Missiles
 b - 39 stones
Jewellery
 j - the amulet of Wihogul (around mantle) {rN+ Regen+}
   (You bought it in a shop on level 2 of the Dungeon)

   [amulet of regeneration]

   rN:        It protects you from negative energy.
   Regen:     It increases your rate of health regeneration.
 z - a ring of willpower (left tentacle)
Wands
 t - a wand of iceblast (5)
 y - a wand of polymorph (8)
 A - a wand of digging (3)
Scrolls
 c - 2 scrolls of brand weapon {unknown}
 f - a scroll of enchant armour {unknown}
 g - 2 scrolls of amnesia {unknown}
 h - a scroll of fog {unknown}
 k - 3 scrolls of magic mapping {unknown}
 n - 4 scrolls of identify {unknown}
 p - 4 scrolls of teleportation {unknown}
 q - a scroll of vulnerability {unknown}
 u - a scroll of holy word {unknown}
 w - a scroll of fear {unknown}
 x - a scroll of torment {unknown}
 C - a scroll of immolation {unknown}
Potions
 d - 2 potions of heal wounds
 e - a potion of brilliance {unknown}
 i - 3 potions of attraction
 l - a potion of invisibility {unknown}
 m - 2 potions of curing
 o - 2 potions of lignification {unknown}
 r - a potion of haste {unknown}
 s - a potion of mutation {unknown}
 v - a potion of magic {unknown}
 B - a potion of cancellation {unknown}


   Skills:
 + Level 1.7 Fighting
 - Level 2.0 Dodging
 + Level 5.8 Stealth
 + Level 4.4 Spellcasting
 - Level 2.0 Conjurations
 * Level 6.0 Transmutations
 - Level 2.0 Air Magic
 * Level 6.7 Earth Magic


You had 7 spell levels left.
You knew the following spells:

 Your Spells              Type           Power      Damage    Failure   Level
a - Sandblast             Erth           58%        2d13      1%          1
b - Mephitic Cloud        Conj/Pois/Air  9%         N/A       22%         3
p - Petrify               Tmut/Erth      28%        N/A       10%         4

Your spell library contained the following spells:

 Spells                   Type           Power      Damage    Failure   Level
 Passwall                 Tmut/Erth      23%        N/A       1%          2
 Magic Dart               Conj           44%        1d5       6%          1
 Stone Arrow              Conj/Erth      40%        3d9       6%          3
 Static Discharge         Conj/Air       11%        N/A       9%          2
 Ignite Poison            Fire/Tmut/Pois 11%        N/A       17%         3
 Call Imp                 Summ           4%         N/A       21%         2
 Conjure Flame            Conj/Fire      8%         6-21      26%         3
 Ozocubu's Armour         Ice            4%         N/A       36%         3
 Sticky Flame             Conj/Fire      8%         2d3       65%         4
 Lightning Bolt           Conj/Air       5%         1d17      85%         5
 Metabolic Englaciation   Hex/Ice        2%         N/A       98%         5
 Simulacrum               Ice/Necr       2%         N/A       100%        6
 Maxwell's Capacitive Co  Air            5%         ∞         100%        8


Dungeon Overview and Level Annotations

Branches:
Dungeon (7/15)             Temple (1/1) D:5

Altars:
Cheibriados
Dithmenos
Elyvilon
Fedhas
Gozag
Kikubaaqudgha
Nemelex Xobeh
Okawaru
Qazlal
Ru
Sif Muna
Trog
Uskayaw
Vehumet
Wu Jian
Xom
The Shining One

Shops:
D:2 *   D:3 !

Annotations:
D:4 3 runed translucent doors, Descartes's ghost, weakling SpDe


Innate Abilities, Weirdness & Mutations

You cannot wear most types of armour.
You are amphibious.
You can wear up to eight rings at the same time.
Your skin changes colour to match your surroundings (Stealth+).
Your rubbery body absorbs attacks. (AC +1, EV +1)
((You are camouflaged near water. (Stealth+)))
You have tentacles for arms and can constrict up to eight enemies at once.


Message History

Confirm with . or Enter, or press ? or * to list all spells.
Okay, then.
The blast of sand hits the two-headed ogre but does no damage.
The two-headed ogre is moderately wounded.
The blast of sand hits the two-headed ogre!
The two-headed ogre is heavily wounded.
The two-headed ogre yells, "Get them off me!"
The two-headed ogre seems less confused.
Okay, then.
You start resting.
A two-headed ogre is nearby!
Casting: Sandblast (safe; 1% risk of failure)
Confirm with . or Enter, or press ? or * to list all spells.
Aiming: Mephitic Cloud (dangerous; 22% risk of failure)
Press: ? - help, Shift-Dir - straight line, f/p - two-headed ogre
Aim: a two-headed ogre, wielding two +0 giant clubs (moderately wounded, chance to affect: 53%)
The ball explodes into a vile cloud!
The stinking cloud engulfs the two-headed ogre but does no damage.
The two-headed ogre is moderately wounded.
The two-headed ogre is engulfed in noxious fumes.
The two-headed ogre is engulfed in noxious fumes.
The two-headed ogre misses you.
The two-headed ogre hits you with a +0 giant club!
You hit the two-headed ogre.
The two-headed ogre is heavily wounded.
Unknown command.
You hit the two-headed ogre but do no damage.
The two-headed ogre is heavily wounded.
The two-headed ogre is engulfed in noxious fumes.
The two-headed ogre appears confused.
The two-headed ogre misses you.
The two-headed ogre hits you with a +0 giant club!!
Ouch! That really hurt!
Unknown command.
You catch the helpless two-headed ogre completely off-guard!
You puncture the two-headed ogre!
The two-headed ogre is severely wounded.
The two-headed ogre is engulfed in noxious fumes.
The two-headed ogre barely misses you.
The two-headed ogre hits you with a +0 giant club!!
You die...

.#..#.#. ### #...........
.#......
##.#########.#####.....
......#
##.#.#..................
...##
##.###..##.##..#####.....
.### ##.##
##.##.##............ .##
#.## ##.O.##.########.##
..# ##.## ##.#####.#
###.# ..# ##.###..#####.#
#...# ..#
#######.#.#O@.....# #.###
..# #.........#########
#.# ..###..............
#.# .......##.......##.
###.####
..<...............)
#......#
...)...#.........#.
#....#.#
..###...)........#
#......# ..#
#.###.#......# #......#
..# #..............
#......#


You could see a two-headed ogre (confused).

Vanquished Creatures
  Maggie (D:6)
  Menkaure (D:5)
  Edmund (D:6)
  2 ogres
  A necrophage (D:4)
  A kobold brigand (D:6)
  2 scorpions (D:4)
  6 wights
  2 hounds
  3 jellies
  An orc wizard (D:5)
  7 gnolls
  6 adders
  2 shadow imps
  A white imp (D:4)
  An ufetubus (D:3)
  4 worms
  8 dart slugs
  5 orcs
  6 ball pythons
  5 bats
  10 endoplasms
  3 giant cockroaches
  9 goblins
  2 hobgoblins (D:3)
  9 kobolds
  3 quokkas
  5 frilled lizards
  4 rats
111 creatures vanquished.

Vanquished Creatures (others)
  3 fungi (D:4)
  A plant (D:4)
4 creatures vanquished.

Grand Total: 115 creatures vanquished

Notes
Turn   | Place    | Note
-------+----------+-------------------------------------------
     0 | D:1      | Atelerd the Octopode Earth Elementalist began the quest for
                  | the Orb.
     0 | D:1      | Reached XP level 1. HP: 11/11 MP: 3/3
    37 | D:1      | Reached XP level 2. HP: 9/17 MP: 0/5
   559 | D:1      | Reached XP level 3. HP: 21/21 MP: 2/6
  1125 | D:1      | Learned a level 3 spell: Mephitic Cloud
  1195 | D:2      | Found a faded altar of an unknown god.
  1251 | D:2      | Noticed an ogre
  1265 | D:2      | Killed an ogre
  1266 | D:2      | Reached XP level 4. HP: 27/27 MP: 1/7
  1266 | D:2      | Reached XP level 5. HP: 31/31 MP: 1/8
  2032 | D:2      | Found Soeries's Assorted Antiques.
  2038 | D:2      | Bought a heavily runed jade amulet for 115 gold pieces
  2038 | D:2      | Identified the amulet of Wihogul {rN+ Regen+} (You bought
                  | it in a shop on level 2 of the Dungeon)
  2532 | D:3      | Found an ancient bone altar of Kikubaaqudgha.
  2567 | D:3      | Found a glowing golden altar of the Shining One.
  2663 | D:3      | Reached skill level 1 in Conjurations
  2684 | D:3      | Found a stormy altar of Qazlal.
  2863 | D:3      | Reached skill level 1 in Air Magic
  3001 | D:3      | Found Deufaud's Distillery.
  3058 | D:2      | Bought a scroll labelled KEKU DEFURO for 23 gold pieces
  3058 | D:2      | Bought a scroll labelled ASOEFE DAZUZO for 23 gold pieces
  3510 | D:4      | Reached XP level 6. HP: 36/36 MP: 6/10
  3573 | D:4      | Learned a level 4 spell: Petrify
  3580 | D:4      | Noticed a necrophage
  3607 | D:4      | Killed a necrophage
  4219 | D:4      | Reached XP level 7. HP: 37/41 MP: 7/11
  4279 | D:4      | Found a snail-covered altar of Cheibriados.
  4478 | D:4      | Found a runed translucent gate.
  4478 | D:4      | Found a runed translucent gate.
  4478 | D:4      | Found a runed translucent gate.
  4482 | D:4      | Noticed Descartes's ghost (weakling SpDe)
  4556 | D:5      | Entered Level 5 of the Dungeon
  4556 | D:5      | Noticed Menkaure
  4568 | D:5      | Killed Menkaure
  4729 | D:5      | Reached skill level 5 in Earth Magic
  4949 | D:5      | Found a staircase to the Ecumenical Temple.
  4963 | D:5      | Found a shadowy altar of Dithmenos.
  4981 | D:5      | Found an iron altar of Okawaru.
  5339 | D:5      | Reached skill level 5 in Stealth
  5496 | D:2      | Bought a sedimented coppery potion for 20 gold pieces
  5545 | D:3      | Bought a potion of degeneration for 10 gold pieces
  5545 | D:3      | Bought a potion of heal wounds for 50 gold pieces
  5545 | D:3      | Bought a potion of curing for 30 gold pieces
  5545 | D:3      | Bought a potion of attraction for 30 gold pieces
  6038 | D:6      | Noticed Maggie
  6054 | D:6      | Killed Maggie
  6055 | D:6      | Reached skill level 5 in Transmutations
  6055 | D:6      | Reached XP level 8. HP: 46/46 MP: 7/14
  6467 | D:6      | Reached skill level 1 in Fighting
  6615 | D:6      | Noticed Edmund
  6675 | D:6      | Killed Edmund
  6720 | Temple   | Entered the Ecumenical Temple
  6909 | Temple   | Became a worshipper of Sif Muna the Loreminder
  7103 | D:7      | Found a faded altar of an unknown god.
  7103 | D:7      | Noticed a spriggan
  7398 | D:7      | Noticed a two-headed ogre
  7501 | D:7      | Mangled by a two-headed ogre

Illustrated notes

Levels and vault maps discovered:
D:1:      psy_arrival_basics, layout_basic, minmay_close_crescents
D:2:      layout_basic, ebering_ecumenical_altar_rust, serial_shops, shop,
          minmay_small_reverse_x
D:3:      layout_basic, mainiacjoe_overflow_tiny_flanked,
          mainiacjoe_overflow_brackets, amcnicky_altar_gilded, serial_shops,
          shop
D:4:      layout_loops_ring, slow_altar_1, gammafunk_ghost_nasty_kobolds
D:5:      layout_layer_cave, kennysheep_okawaru_gauntlet,
          mainiacjoe_overflow_paths, minmay_temple_entry_glassed_door,
          uniq_menkaure
D:6:      layout_loops_ring, uniq_maggie, uniq_edmund
D:7:      layout_loops_cross, beargit_hepliaklqana_dungeon_heroes,
          minmay_misc_feat_pillars, centaur_isle
Temple:   minmay_temple_curvy_loop

Skill      XL: |  1  2  3  4  5  6  7  8 |
---------------+-------------------------+-----
Stealth        | 3 4 5 |  5.8
Transmutations | 2 3 5 6 |  6.0
Earth Magic    | 4 6 |  6.7
Conjurations   | 1 2 |  2.0
Air Magic      | 1 2 |  2.0
Spellcasting   | 4 |  4.4
Fighting       | 1 |  1.7
Dodging        | |  2.0

Action                   |  1- 3 |  4- 6 |  7- 9 || total
-------------------------+-------+-------+-------++-------
Melee: Unarmed           |     5 |       |       ||     5
       Tentacles         |     4 |     7 |     5 ||    16
       Constrict         |     7 |    10 |     6 ||    23
       Dagger            |    12 |    29 |    34 ||    75
 Cast: Sandblast         |    33 |    81 |    73 ||   187
       Mephitic Cloud    |     1 |       |     5 ||     6
       Petrify           |       |       |    10 ||    10
Evoke: Wand              |       |       |     1 ||     1
  Use: Potion            |       |       |     1 ||     1
 Stab: Sleeping          |       |     1 |     1 ||     2
       Petrified         |       |       |    25 ||    25
       Petrifying        |       |       |     1 ||     1
       Confused          |       |       |     1 ||     1
Armor: Skin              |       |     2 |     1 ||     3
Dodge: Dodged            |    12 |    30 |    29 ||    71
